 Dungeon Crawl Stone Soup version 0.24.1-14-gf8d2b509d9 (webtiles) character file.

Game seed: 2867260879478412791, levelgen mode: deterministic

256189 tkbsonic5 the Covert (level 19, -17/171 HPs)
             Began as a Naga Venom Mage on Dec 5, 2022.
             Was the Champion of Cheibriados.
             Demolished by a freezing wraith (34 damage)
             ... on level 2 of the Vaults on Dec 29, 2022.
             The game lasted 05:01:58 (41255 turns).

tkbsonic5 the Covert (Naga Venom Mage)             Turns: 41255, Time: 05:01:59

Health: -17/171    AC: 19    Str: 26    XL:     19   Next: 80%
Magic:  24/42      EV: 16    Int: 36    God:    Cheibriados [******]
Gold:   355        SH:  0    Dex: 33    Spells: 2/38 levels left

rFire    + + +     SeeInvis +   W - +10 glaive "Death Rattle" {chop, rPois Dex+4}
rCold    x x .     Gourm    .   (shield currently unavailable)
rNeg     . . .     Faith    +   m - +3 fire dragon scales
rPois    +         Spirit   .   Y - +2 hat {MR+}
rElec    .         Reflect  .   (no cloak)
rCorr    .         Harm     .   S - +0 pair of gloves
MR       +++..                  (no barding)
Stlth    +++++.....             x - amulet of faith
HPRegen  0.38/turn              n - ring of magical power
MPRegen  0.28/turn              X - ring of fire

@: slowed, very slow
A: large, stinger 1, see invisible, deformed body, fire resistance 1, poison
resistance, slowness 2, slow metabolism 1, spit poison 1, MP-powered wands,
constrict 1, AC +6
}: 2/15 runes: decaying, gossamer
a: Spit Poison, Bend Time, Temporal Distortion, Slouch, Step From Time, Renounce
Religion


You were on level 2 of the Vaults.
You worshipped Cheibriados.
Cheibriados was exalted by your worship.
You were not hungry.

You visited 6 branches of the dungeon, and saw 33 of its levels.

You collected 3775 gold pieces.
You spent 3420 gold pieces at shops.

Inventory:

Hand Weapons
 h - a +6 spear of draining
 W - the +10 glaive "Death Rattle" (weapon) {chop, rPois Dex+4}
   (You found it on level 14 of the Dungeon)

   It inflicts extra damage upon your enemies.
   It affects your dexterity (+4).
   It protects you from poison.
Missiles
 a - 6 atropa-tipped darts
 o - 21 poisoned darts
 r - 19 boomerangs (quivered)
Armour
 m - +3 fire dragon scales (worn)
 y - +0 swamp dragon scales
 C - +2 storm dragon scales {Bai Suzhen}
 S - a +0 pair of gloves (worn)
 Y - a +2 hat of magic resistance (worn)
Magical Staves
 i - an uncursed staff of poison
Jewellery
 n - a ring of magical power (left hand)
 q - an uncursed ring of ice
 u - the ring of the Messenger {rF+ AC+3 Dex+6}
   (You found it on level 5 of the Dungeon)

   [ring of protection]

   It affects your AC (+3).
   It affects your dexterity (+6).
   It protects you from fire.
 x - an amulet of faith (around neck)
 B - an uncursed ring of magical power
 D - an uncursed ring of protection from cold
 E - a +2 amulet of reflection
 J - an uncursed ring of magical power
 K - an uncursed ring of positive energy
 N - an uncursed ring of positive energy
 U - an uncursed ring of resist corrosion
 X - a ring of fire (right hand)
 Z - an uncursed ring of ice
Wands
 l - a wand of paralysis (19)
 s - a wand of iceblast (9)
 v - a wand of acid (3)
 w - a wand of flame (44)
 H - a wand of enslavement (7)
Scrolls
 b - 12 scrolls of remove curse
 M - 12 scrolls of amnesia
 R - 2 scrolls of identify
Potions
 e - a potion of cancellation
 j - 4 potions of flight
 p - 6 potions of brilliance
 A - 3 potions of curing
 G - 3 potions of ambrosia
 O - 4 potions of lignification
 Q - 4 potions of agility
 V - a potion of might
Miscellaneous
 c - a fan of gales
 d - a crystal ball of energy
 f - a lamp of fire
 t - a lightning rod (4/4)
 F - a sack of spiders
Comestibles
 g - 9 rations


   Skills:
 * Level 11.0 Fighting
   Level 2.1 Short Blades
   Level 1.0 Maces & Flails
 * Level 10.0 Polearms
 * Level 9.3 Throwing
 * Level 8.0 Armour
 * Level 8.5 Dodging
 + Level 14.5 Stealth
 * Level 10.4 Spellcasting
 * Level 10.4 Conjurations
 + Level 5.9 Hexes
 - Level 3.6 Summonings
 * Level 6.0 Translocations
 * Level 9.7 Air Magic
 + Level 3.1 Earth Magic
 * Level 13.4 Poison Magic
 * Level 11.3 Invocations
 * Level 9.6 Evocations


You had 2 spell levels left.
You knew the following spells:

 Your Spells              Type           Power        Failure   Level  Hunger
a - Tukima's Dance        Hex            ######..     1%          3    None
b - Poisonous Vapours     Pois/Air       ######       1%          2    None
c - Mephitic Cloud        Conj/Pois/Air  #######.     1%          3    None
d - Olgreb's Toxic Radia  Pois           #######.     1%          4    None
e - Venom Bolt            Conj/Pois      #######...   1%          5    ##.....
f - Leda's Liquefaction   Hex/Erth       ######....   9%          4    None
g - Lesser Beckoning      Tloc           ######....   1%          3    None
h - Summon Butterflies    Summ           #####...     1%          1    None
i - Lightning Bolt        Conj/Air       #######...   2%          5    ##.....
j - Airstrike             Air            ######....   1%          4    None
k - Blink                 Tloc           N/A          1%          2    None

Your spell library contained the following spells:

 Spells                   Type           Power        Failure   Level  Hunger
 Apportation              Tloc           ######       1%          1    None
 Magic Dart               Conj           ####         1%          1    None
 Shock                    Conj/Air       ####         1%          1    None
 Sting                    Conj/Pois      ####         1%          1    None
 Call Imp                 Summ           #####...     1%          2    None
 Slow                     Hex            ######..     1%          2    None
 Swiftness                Chrm/Air       ######..     1%          2    None
 Conjure Flame            Conj/Fire      ######..     1%          3    None
 Static Discharge         Conj/Air       #######.     1%          3    None
 Alistair's Intoxication  Tmut/Pois      ######..     10%         5    ##.....
 Bolt of Magma            Conj/Fire/Erth ######....   24%         5    ##.....
 Iron Shot                Conj/Erth      ######....   45%         6    ####...
 Invisibility             Hex            ######..     58%         6    ####...
 Statue Form              Tmut/Erth      ####.....    99%         6    ####...
 Shatter                  Erth           #####.....   100%        9    #######


Dungeon Overview and Level Annotations

Branches:
Dungeon (15/15)            Temple (0/1) D:7            Lair (6/6) D:11
  Swamp (4/4) Lair:4       Spider (4/4) Lair:4        Slime (0/5) Lair:6
    Orc (2/2) D:12            Elf (0/3) Orc:2        Vaults (2/5) D:13
  Crypt (0/3) Vaults:2     Depths (0/5) D:15

Altars:
Cheibriados
Elyvilon
Fedhas
Gozag
Hepliaklqana
Makhleb
Nemelex Xobeh
Okawaru
Qazlal
Ru
Sif Muna
Wu Jian
Xom
Yredelemnul
Beogh

Shops:
D:10 (   Orc:2 [}[*   Vaults:1 !*=

Annotations:
D:15 3 runed translucent doors, Jiecrehi's ghost, journeyman DDFi
Lair:1 exclusion: oklob plant
Lair:6 1 runed translucent door


Innate Abilities, Weirdness & Mutations

You cannot wear boots.
Your serpentine skin is tough. (AC +6)
You have supernaturally acute eyesight. (SInv)
Armour fits poorly on your strangely shaped body.
Your system is resistant to poisons. (rPois)
You cover ground very slowly.
You have a slow metabolism.
You can spit poison.
You can use your snake-like lower body to constrict enemies.
Your tail ends in a poisonous barb.
Your flesh is heat resistant. (rF+)
You expend magic power (3 MP) to strengthen your wands.


Message History

Okay, then.
As you read the scroll of fear, it crumbles to dust.
You assume a fearsome visage.
The death knight looks frightened!
The freezing wraith is unaffected.
The wizard easily resists.
The sentinel's mark upon you fades away.
The freezing wraith completely misses you.
The freezing wraith hits you but does no damage.
The death knight offers itself to Yredelemnul, and fills with unholy energy.
Okay, then.
Okay, then.
You can feel time thicken for a moment.
You kill the orc!
Cheibriados appreciates the change of pace.
You feel somewhat more hungry.
The death knight reflects your damage back at you!
* * * LOW HITPOINT WARNING * * *
The freezing wraith hits you.
* * * LOW HITPOINT WARNING * * *
The freezing wraith freezes you!!
You feel a terrible chill!
You die...

,* **,#.#.*.#.## *,,,,,,,* ## ,*
*,#,#..,#.#.# ********* #
****#####'##'####################
,,,,..........z..................
,,,,.........)p).................
,,,,.......†..#)####........)....
,,,,#######)#o#p##.#.......###'##
,,,,#....)..#.##W.##.......#.....
,,,,'.......'.##@.##.......#.....
,,,,#......o#.#.##.#.......#..###
,,,,#....<..#.######(......#..#..
,,,,#.......'..............#..#..
,,,,#.......#...^....?.....#..#..
,***#'####'#####...........#.....
,*,,..,#.).....#...........#..#..
,*,***,###.###.#...........#..#..
,*,,,*,#.#..}#,#..<........#..#..


You could see a death knight (fleeing), an ancient champion, a freezing wraith
and a wizard.

Vanquished Creatures
  Bai Suzhen (Spider:4)
  Jorgrun (Spider:1)
  Gastronok (Lair:3)
  An ancient champion (Vaults:2)
  A storm dragon (Vaults:1)
  A thorn hunter (Swamp:1)
  Donald (Orc:2)
  5 ghost moths (Spider:4)
  2 vault wardens
  Aizul (Swamp:3)
  3 emperor scorpions
  4 ironheart preservers
  A stone giant (Vaults:2)
  Nessos (D:12)
  An entropy weaver (Spider:3)
  3 deep elf demonologists
  A spark wasp (Spider:4)
  Azrael (D:14)
  Snorg (D:13)
  A deep elf death mage (Vaults:2)
  8 fire dragons
  8 ogre magi
  A yaktaur captain (Vaults:2)
  14 slime creatures
  Josephine (Orc:2)
  5 vault guards
  2 rakshasas
  Fannar (Lair:3)
  Harold (D:7)
  2 shambling mangroves
  16 hydras
  2 ghost crabs
  Erolcha (Orc:2)
  A catoblepas (D:15)
  2 centaur warriors
  13 alligators
  2 deep troll shamans (Vaults:2)
  5 death yaks
  24 two-headed ogres
  Urug (D:10)
  3 deep elf knights
  Sonja (D:11)
  A glowing orange brain (Vaults:2)
  2 spriggan druids (Swamp:3)
  5 unseen horrors
  4 deep trolls
  An unseen horror (shapeshifter) (Vaults:1)
  2 flayed ghosts (Vaults:2)
  4 deep elf archers
  5 wizards
  Pikel (D:6)
  6 swamp dragons
  17 orb spiders
  8 ironbrand convokers
  2 lindwurms
  5 harpies (Vaults:2)
  7 orc knights
  A mana viper (shapeshifter) (D:13)
  6 cyclopes
  25 wolf spiders
  5 deep elf magi
  3 manticores
  18 ugly things
  8 elephants
  An orc sorcerer (Vaults:2)
  4 centaur zombies
  2 moths of wrath
  2 gargoyles
  A molten gargoyle (Swamp:4)
  A guardian serpent (shapeshifter) (D:13)
  5 vault sentinels
  7 black mambas
  6 torpor snails
  A spiny frog (shapeshifter) (Vaults:2)
  10 komodo dragons
  A kobold demonologist (D:14)
  2 freezing wraiths
  An efreet (D:14)
  A rime drake (shapeshifter) (Vaults:2)
  11 demonic crawlers
  17 spiny frogs
  A redback zombie (D:15)
  7 yaktaurs
  A tengu conjurer (D:15)
  4 rime drakes
  8 trolls
  3 meliai (D:12)
  26 jumping spiders
  A polar bear (Lair:5)
  9 tyrant leeches
  20 hornets
  A merfolk (D:13)
  A queen bee (D:12)
  32 blink frogs
  6 bog bodies
  17 hippogriffs
  6 dream sheep (Lair:6)
  A hippogriff (shapeshifter) (Vaults:1)
  A human simulacrum (Vaults:1)
  2 spriggans (Lair:5)
  83 redbacks
  3 shadows
  6 wraiths
  30 tarantellas
  30 yaks
  4 wyverns
  9 humans (D:13)
  2 hungry ghosts (D:13)
  16 vampire mosquitoes
  2 fire elementals (D:14)
  5 basilisks
  5 steam dragons
  A swamp worm (shapeshifter) (Vaults:2)
  8 swamp worms
  2 wargs
  A soldier ant (D:15)
  4 acid dragons
  25 water moccasins
  22 orc warriors
  2 hell hounds (D:14)
  13 porcupines
  19 swamp drakes
  A black bear (Lair:5)
  5 ice beasts
  6 sky beasts
  4 slaves (D:6)
  2 eyes of draining
  31 ogres
  5 boggarts (Vaults:2)
  2 phantoms (D:13)
  11 centaurs
  13 wolves
  3 necrophages
  27 crocodiles
  4 big kobolds
  16 bullfrogs
  3 gnoll sergeants
  A water moccasin skeleton (D:8)
  2 wyvern skeletons
  8 scorpions
  An orc simulacrum (Vaults:1)
  10 wights
  27 killer bees (D:12)
  7 electric eels (D:11)
  A howler monkey (D:4)
  3 crimson imps
  A lava snake (Swamp:4)
  A bullfrog zombie (D:7)
  18 orc priests
  10 jellies
  2 centaur skeletons
  2 gnoll shamans (D:6)
  7 hounds
  32 orc wizards
  2 bullfrog skeletons
  7 iguanas
  4 hell rats (Lair:6)
  16 worker ants
  A killer bee zombie (D:7)
  2 hound skeletons
  A howler monkey zombie (D:7)
  3 worker ant zombies
  10 adders
  58 gnolls
  2 shadow imps
  12 white imps (Orc:1)
  7 oozes
  A worm (D:3)
  2 dart slugs
  6 leopard geckos
  81 orcs
  10 bats
  9 giant cockroaches
  11 goblins
  8 hobgoblins
  25 jackals
  23 kobolds
  5 quokkas
  A ball python (D:1)
  2 frilled lizards
  A giant cockroach zombie (D:5)
  A jackal zombie (D:8)
  2 leopard gecko skeletons
  3 rats
  A butterfly (D:7)
  A fungus (Lair:4)
  3 plants (Lair:6)
1381 creatures vanquished.

Vanquished Creatures (collateral kills)
  A swamp dragon (Swamp:4)
  An ugly thing (Vaults:2)
  3 elephants (Lair:4)
  A swamp drake (Swamp:4)
6 creatures vanquished.

Vanquished Creatures (others)
  A swamp dragon (Swamp:4)
  An orb spider (Spider:1)
  An ugly thing (Vaults:2)
  A spiny frog (Lair:6)
  A dancing weapon (D:14)
  A basilisk (Lair:6)
  A steam dragon (Swamp:4)
  2 swamp drakes (Swamp:4)
  A hell rat (Lair:6)
  An orc (Vaults:2)
  3 bushes
  3 butterflies (Lair:6)
  37 fungi
  34 plants
88 creatures vanquished.

Grand Total: 1475 creatures vanquished

Notes
Turn   | Place    | Note
-------+----------+-------------------------------------------
     0 | D:1      | tkbsonic5 the Naga Venom Mage began the quest for the Orb.
     0 | D:1      | Reached XP level 1. HP: 15/15 MP: 3/3
   367 | D:1      | Reached XP level 2. HP: 20/24 MP: 0/5
   373 | D:1      | Learned a level 2 spell: Poisonous Vapours
  1141 | D:2      | Reached skill level 1 in Fighting
  1141 | D:2      | Reached XP level 3. HP: 31/31 MP: 0/6
  1146 | D:2      | Learned a level 3 spell: Mephitic Cloud
  1922 | D:2      | Noticed an ice beast
  1989 | D:3      | Reached XP level 4. HP: 37/38 MP: 1/7
  2059 | D:3      | Reached skill level 1 in Air Magic
  2375 | D:3      | Found a glowing drain.
  2767 | D:3      | Found an ornate altar of the Wu Jian Council.
  2816 | D:3      | Reached XP level 5. HP: 44/44 MP: 4/9
  3391 | D:4      | Reached skill level 5 in Poison Magic
  3473 | D:4      | Learned a level 4 spell: Olgreb's Toxic Radiance
  3519 | D:4      | Reached skill level 4 in Stealth
  3582 | D:4      | Reached XP level 6. HP: 52/52 MP: 1/10
  4183 | D:4      | Reached XP level 7. HP: 58/60 MP: 12/12
  4518 | D:5      | Entered Level 5 of the Dungeon
  4678 | D:5      | Reached skill level 5 in Stealth
  4873 | D:5      | Got an ancient turquoise ring
  4874 | D:5      | Identified the ring of the Messenger {rF+ AC+3 Dex+6} (You
                  | found it on level 5 of the Dungeon)
  4884 | D:5      | Found a snail-covered altar of Cheibriados.
  4919 | D:5      | Found a burning altar of Makhleb.
  4920 | D:5      | Found a shimmering blue altar of Sif Muna.
  4923 | D:5      | Became a worshipper of Cheibriados the Contemplative
  4973 | D:5      | Found a basalt altar of Yredelemnul.
  4987 | D:5      | Found the +9 staff of Olgreb {rPois}
  5234 | D:6      | Reached skill level 1 in Throwing
  5292 | D:6      | Reached XP level 8. HP: 64/68 MP: 7/13
  5313 | D:6      | Reached * piety under Cheibriados
  5313 | D:6      | Reached skill level 1 in Short Blades
  5400 | D:6      | Found a sacrificial altar of Ru.
  5685 | D:6      | Reached skill level 1 in Armour
  5692 | D:6      | Reached skill level 6 in Stealth
  5797 | D:6      | Reached skill level 1 in Invocations
  5935 | D:6      | Reached ** piety under Cheibriados
  6001 | D:6      | Learned a level 5 spell: Venom Bolt
  6288 | D:6      | Noticed Pikel
  6299 | D:6      | Killed Pikel
  6299 | D:6      | Reached XP level 9. HP: 70/76 MP: 0/15
  6485 | D:6      | Reached *** piety under Cheibriados
  6508 | D:6      | Gained mutation: Your flesh is heat resistant. (rF+)
                  | [potion of mutation]
  6508 | D:6      | Gained mutation: Your tail ends in a poisonous barb.
                  | [potion of mutation]
  6508 | D:6      | Gained mutation: You expend magic power (3 MP) to
                  | strengthen your wands. [potion of mutation]
  6568 | D:6      | Reached skill level 1 in Maces & Flails
  6704 | D:6      | Reached **** piety under Cheibriados
  6953 | D:6      | Reached skill level 1 in Polearms
  6954 | D:6      | Reached ***** piety under Cheibriados
  7299 | D:7      | Found a blossoming altar of Fedhas.
  7344 | D:7      | Reached skill level 1 in Evocations
  7423 | D:7      | Found a staircase to the Ecumenical Temple.
  7448 | D:7      | Reached skill level 7 in Stealth
  7546 | D:7      | Reached XP level 10. HP: 87/87 MP: 9/17
  7549 | D:7      | Reached skill level 5 in Spellcasting
  7656 | D:7      | Noticed Harold
  7676 | D:7      | Killed Harold
  7677 | D:7      | Found a stormy altar of Qazlal.
  7874 | D:7      | Found a shimmering altar of Xom.
  7875 | D:7      | Found a hazy altar of Hepliaklqana.
  7875 | D:7      | Noticed a torpor snail
  7876 | D:7      | Noticed a spectral ugly thing
  8473 | D:8      | Found the +7 mace of Variability {chain chaos}
  8595 | D:8      | Reached ****** piety under Cheibriados
  8685 | D:8      | Reached skill level 5 in Fighting
  8841 | D:8      | Found a white marble altar of Elyvilon.
  9068 | D:9      | Noticed a two-headed ogre
  9073 | D:9      | Killed a two-headed ogre
  9073 | D:9      | Reached skill level 5 in Conjurations
  9085 | D:9      | Reached XP level 11. HP: 95/95 MP: 8/19
  9418 | D:9      | Reached skill level 5 in Invocations
 10113 | D:10     | Entered Level 10 of the Dungeon
 10113 | D:10     | Noticed a two-headed ogre
 10118 | D:10     | Killed a two-headed ogre
 10118 | D:10     | Reached skill level 8 in Stealth
 10292 | D:10     | Noticed Urug
 10300 | D:10     | Killed Urug
 10300 | D:10     | Reached skill level 5 in Air Magic
 10503 | D:10     | Found an opulent altar of Gozag.
 10537 | D:10     | Found Ehayts's Weapon Boutique.
 10789 | D:10     | Noticed an unseen horror
 10794 | D:10     | Killed an unseen horror
 11190 | D:11     | Noticed Sonja
 11191 | D:11     | Killed Sonja
 11191 | D:11     | Reached XP level 12. HP: 104/104 MP: 21/21
 11485 | D:11     | Noticed a two-headed ogre
 11492 | D:11     | Killed a two-headed ogre
 11492 | D:11     | Reached skill level 9 in Stealth
 11644 | D:11     | Found a staircase to the Lair.
 11657 | Lair:1   | Entered Level 1 of the Lair of Beasts
 11812 | Lair:1   | Noticed a seven-headed hydra
 11820 | Lair:1   | Killed a seven-headed hydra
 11820 | Lair:1   | Reached skill level 5 in Polearms
 12017 | Lair:1   | Reached skill level 10 in Poison Magic
 12160 | Lair:1   | Noticed a six-headed hydra
 12181 | Lair:1   | Killed a six-headed hydra
 12236 | Lair:1   | Reached skill level 5 in Evocations
 13297 | Lair:2   | Gained mutation: You can use your snake-like lower body to
                  | constrict enemies. [Naga growth]
 13297 | Lair:2   | Reached XP level 13. HP: 114/114 MP: 23/23
 13340 | Lair:2   | Reached skill level 5 in Throwing
 13340 | Lair:2   | Reached skill level 10 in Stealth
 14124 | Lair:3   | Noticed Gastronok
 14145 | Lair:3   | Killed Gastronok
 14286 | Lair:3   | Noticed Fannar
 14297 | Lair:3   | Killed Fannar
 15187 | Lair:4   | Learned a level 6 spell: Invisibility
 15189 | Lair:4   | Learned a level 1 spell: Apportation
 15193 | Lair:4   | Learned a level 3 spell: Lesser Beckoning
 15195 | Lair:4   | Learned a level 1 spell: Summon Butterflies
 15200 | Lair:4   | Learned a level 3 spell: Tukima's Dance
 15358 | Lair:4   | Got a ripped robe
 15365 | Lair:4   | Found a stormy altar of Qazlal.
 15424 | Lair:4   | Identified the cursed +0 robe of the Lute {SInv} (You found
                  | it on level 4 of the Lair of Beasts)
 15522 | Lair:4   | Found a hole to the Spider Nest.
 15846 | Lair:4   | Found a staircase to the Swamp.
 16236 | Lair:5   | Reached skill level 5 in Dodging
 16844 | Lair:5   | Reached skill level 1 in Translocations
 16891 | Lair:5   | Reached XP level 14. HP: 123/123 MP: 19/25
 17028 | Lair:5   | Learned a level 5 spell: Lightning Bolt
 17052 | Lair:6   | Entered Level 6 of the Lair of Beasts
 17062 | Lair:6   | Reached skill level 11 in Stealth
 17072 | Lair:5   | Reached skill level 1 in Hexes
 17072 | Lair:5   | Reached skill level 1 in Summonings
 17151 | Lair:5   | Reached skill level 5 in Armour
 18196 | Lair:6   | Found a staircase to the Slime Pits.
 18586 | Lair:6   | Found a runed translucent door.
 18639 | Lair:6   | Paralysed by a hornet for 2 turns
 20089 | D:12     | Found a staircase to the Orcish Mines.
 20462 | D:12     | Reached XP level 15. HP: 130/134 MP: 27/27
 20728 | D:12     | Noticed Nessos
 20735 | D:12     | Reached skill level 12 in Stealth
 20737 | D:12     | Killed Nessos
 21279 | D:13     | Noticed Snorg
 21289 | D:13     | Killed Snorg
 21960 | D:13     | Found a gate to the Vaults.
 22074 | D:13     | Found a sparkling altar of Nemelex Xobeh.
 22321 | D:13     | You fall into a shaft and drop 1 floor!
 22341 | D:14     | Noticed Azrael
 22355 | D:14     | Killed Azrael
 22439 | D:14     | Got a scorched glaive
 22442 | D:14     | Identified the +10 glaive "Death Rattle" {chop, rPois
                  | Dex+4} (You found it on level 14 of the Dungeon)
 22567 | D:14     | Got a scintillating marble ring
 22573 | D:14     | Identified the ring "Loqosaif" {*Tele SInv Stlth+} (You
                  | found it on level 14 of the Dungeon)
 22994 | Orc:1    | Entered Level 1 of the Orcish Mines
 23274 | Orc:1    | Found a frozen archway.
 23337 | Orc:1    | You fall into a shaft and drop 1 floor!
 23337 | Orc:2    | Entered Level 2 of the Orcish Mines
 23456 | Orc:2    | Noticed Erolcha
 23462 | Orc:2    | Killed Erolcha
 23566 | Orc:2    | Found a staircase to the Elven Halls.
 23727 | Orc:2    | Noticed Josephine
 23740 | Orc:2    | Killed Josephine
 23922 | Orc:2    | Found Guuhyuf's Armour Emporium.
 23939 | Orc:2    | Reached XP level 16. HP: 144/144 MP: 2/28
 24054 | Orc:2    | Reached skill level 13 in Stealth
 24260 | Orc:2    | Found Qoceciost's General Store.
 24269 | Orc:2    | Found Waahuegy's Gadget Shop.
 24282 | Orc:2    | Found Boneeligh's Armour Shoppe.
 24418 | Orc:2    | Bought a wand of clouds (3) for 315 gold pieces
 24418 | Orc:2    | Bought a fan of gales for 600 gold pieces
 24418 | Orc:2    | Bought a crystal ball of energy for 300 gold pieces
 24418 | Orc:2    | Bought a lamp of fire for 600 gold pieces
 24418 | Orc:2    | Bought a phantom mirror for 450 gold pieces
 24536 | Orc:2    | Noticed Donald
 24544 | Orc:2    | Killed Donald
 24684 | Orc:2    | Found a roughly hewn altar of Beogh.
 24834 | D:15     | Entered Level 15 of the Dungeon
 25983 | D:15     | Found a staircase to the Depths.
 26101 | D:15     | Found a runed translucent gate.
 26101 | D:15     | Found a runed translucent gate.
 26101 | D:15     | Found a runed translucent gate.
 26839 | D:15     | Noticed Jiecrehi's ghost (journeyman DDFi)
 27018 | D:15     | Found an iron altar of Okawaru.
 27393 | Swamp:1  | Entered Level 1 of the Swamp
 27469 | Swamp:1  | Learned a level 4 spell: Airstrike
 27810 | Swamp:1  | Noticed a thorn hunter
 27815 | Swamp:1  | Killed a thorn hunter
 28996 | Swamp:2  | Got a polished quarterstaff
 28997 | Swamp:2  | Identified the +8 quarterstaff "Livoweho" {speed, Dex+3}
                  | (You found it on level 2 of the Swamp)
 29829 | Swamp:3  | Noticed Aizul
 29837 | Swamp:3  | Killed Aizul
 30213 | Swamp:3  | Reached XP level 17. HP: 151/151 MP: 30/30
 31170 | Swamp:4  | Entered Level 4 of the Swamp
 31800 | Swamp:4  | Reached skill level 10 in Invocations
 32579 | Swamp:4  | Got a decaying rune of Zot
 32693 | Lair:4   | Learned a level 4 spell: Leda's Liquefaction
 32734 | Spider:1 | Entered Level 1 of the Spider Nest
 33497 | Spider:1 | Noticed Jorgrun
 33501 | Spider:1 | Killed Jorgrun
 34070 | Spider:2 | Reached skill level 10 in Fighting
 35097 | Spider:3 | Reached skill level 5 in Hexes
 35128 | Spider:3 | Reached XP level 18. HP: 162/162 MP: 31/31
 35449 | Spider:3 | Reached skill level 14 in Stealth
 35463 | Spider:3 | Reached skill level 1 in Earth Magic
 36233 | Spider:4 | Entered Level 4 of the Spider Nest
 36313 | Spider:4 | Noticed Bai Suzhen
 36329 | Spider:4 | Killed Bai Suzhen
 36843 | Spider:4 | Learned a level 2 spell: Blink
 37448 | Spider:4 | Reached skill level 10 in Conjurations
 37705 | Spider:4 | Reached skill level 5 in Translocations
 37767 | Spider:4 | Got a gossamer rune of Zot
 38135 | Orc:2    | Bought a sack of spiders for 300 gold pieces
 38135 | Orc:2    | Bought a wand of iceblast (11) for 225 gold pieces
 38135 | Orc:2    | Bought a wand of flame (18) for 150 gold pieces
 38245 | Vaults:1 | Entered Level 1 of the Vaults
 38447 | Vaults:1 | Found Ushekucw's Jewellery Emporium.
 38639 | Vaults:1 | Reached skill level 10 in Spellcasting
 38704 | Vaults:1 | Reached XP level 19. HP: 127/170 MP: 3/33
 38971 | Vaults:1 | Found Ihakhlies's Assorted Antiques.
 39570 | Vaults:1 | Found Qivaip's Distillery.
 39578 | Vaults:1 | Bought a potion of curing for 36 gold pieces
 39578 | Vaults:1 | Bought a potion of heal wounds for 60 gold pieces
 39578 | Vaults:1 | Bought a potion of might for 48 gold pieces
 39578 | Vaults:1 | Bought 2 potions of agility for 96 gold pieces
 39578 | Vaults:1 | Bought a potion of invisibility for 96 gold pieces
 39578 | Vaults:1 | Bought a potion of heal wounds for 60 gold pieces
 39578 | Vaults:1 | Bought a potion of brilliance for 48 gold pieces
 39578 | Vaults:1 | Bought a potion of curing for 36 gold pieces
 41236 | Vaults:2 | Reached skill level 10 in Polearms
 41255 | Vaults:2 | Demolished by a freezing wraith

Levels and vault maps discovered:
D:1:      elethiomel_arrival_shortcut, layout_loops_ring,
          wander_ebering_terrifying_dragon_lair
D:2:      layout_loops_ring, doesnt_xom_only_xom
D:3:      layout_basic, overflow_temple_1_default, first_ration,
          gup_sewer_entry_pipe
D:4:      minmay_thinvault, layout_layer_cave
D:5:      layout_cave_pools, yredelemnul_altar_generic,
          gammafunk_temple_overflow_forgotten, nicolae_overflow_crystal_walls,
          minmay_guarded_unrand_staff_of_olgreb
D:6:      lemuel_castle_with_subvaults [lemuel_castle_interior_original],
          layout_gridville, nicolae_ru_sacrificial_ziggurat, serial_glass,
          glass_columns_a, glass_columns_b, uniq_pikel
D:7:      cheibrodos_steamvent, layout_basic, regret_index_temple_of_mockery,
          fedhas_altar_decomposition, lemuel_round_altar,
          minmay_temple_entry_butterflies, serial_curves, eino_curves_01,
          eino_curves_01, eino_curves_04, uniq_harold
D:8:      layout_gridville, kennysheep_mini_moat
D:9:      mumra_celtic_spiral_tile, layout_loops_ring
D:10:     layout_rooms, serial_shops, shop,
          nicolae_gozag_cash_rules_everything_around_me, uniq_urug
D:11:     layout_rooms, grunt_lair_entry_orc_guard_hut, serial_bayou,
          serial_bayou_pond_e, serial_bayou_lake_a, serial_bayou_pond_b,
          serial_bayou_shore_a, uniq_sonja
D:12:     layout_roguey [special_room_bee], orc_0_dummy, uniq_nessos
D:13:     layout_long_grid, ximxim_vaults_locker_room, hangedman_fish_farm,
          nemelex_diamond_rough_becter, uniq_snorg
D:14:     layout_cave_pools, uniq_azrael
D:15:     grunt_enter_depths_hoard, layout_layer_cave, roderic_lattice_a,
          gammafunk_ghost_fury_of_okawaru, minmay_checkerbox
Lair:1:   layout_small_grid, beast_lair_carwin_8, minmay_lair_oklob_chamber
Lair:2:   layout_gridlike, grunt_megastairs_5
Lair:3:   layout_loops_ring, chequers_serial_rivers_micro_b, grunt_megastairs_1,
          uniq_fannar, uniq_gastronok
Lair:4:   layout_regular_city, minmay_swamp_entry_worms,
          nicolae_spider_entry_orb_guardian, basic_altar
Lair:5:   layout_misc_corridors, forest_entry_grove
Lair:6:   guppyfry_lair_end_dragon, layout_loops_ring, wormcave,
          nicolae_slime_entry_slimehenge, lemuel_fruit_fields,
          grunt_megastairs_3
Swamp:1:  layout_basic_swamp, evilmike_swamp_ruin_house_3
Swamp:2:  layout_falls_marsh, nicolae_swamp_trees_clearing, swamp_pool5
Swamp:3:  layout_falls_marsh, evilmike_swamp_ruin_rubble_1,
          infiniplex_staircase_pool_2, uniq_aizul
Swamp:4:  swamp_fiery, layout_basic_swamp
Spider:1: layout_chambers, uniq_jorgrun
Spider:2: layout_spider_delve, hangedman_spider_tarantella_strand
Spider:3: layout_spider_delve
Spider:4: grunt_spider_rune_parallel, uniq_bai_suzhen
Orc:1:    layout_caves, portal_ice_cave_entry_imps, serial_shops, shop, shop,
          enter_volcano_1
Orc:2:    st_orc_open, layout_diamond_mine, minmay_orc_temple_b, uniq_donald,
          uniq_josephine, uniq_erolcha
Vaults:1: vaults_room_fours, v_misc_9, hangedman_vaults_slice, v_rooms_1,
          v_misc_13, st_quartered_hall, hangedman_vaults_nodes,
          grunt_vaults_hallway_long, v_rooms_3, vaults_dpeg_hooks,
          layout_vaults_omnigrid, serial_shops, shop, shop, shop
Vaults:2: nicolae_vaults_network_s, vaults_room_fancy_cross,
          nicolae_vaults_network_periphery, v_alt_pattern_4,
          ontoclasm_vaults_eye, vaults_dpeg_ring, v_pattern_1,
          ontoclasm_vaults_decontamination, v_misc_28, vaults_dpeg_diagonal,
          minmay_crypt_entry_simple_round, v_misc_3,
          nicolae_vaults_ring_of_whatevers, layout_vaults_big_room, serial_glass

Skill      XL: |  1  2  3  4  5  6  7  8  9 10 11 12 13 14 15 16 17 18 19 |
---------------+----------------------------------------------------------+-----
Fighting       | 1 2 3 4 5 6 7 8 9 10 11 | 11.0
Air Magic      | 1 2 3 4 5 6 7 8 9 |  9.7
Conjurations   | 2 3 4 5 6 7 8 9 10 | 10.4
Spellcasting   | 3 4 5 6 7 8 9 10 | 10.4
Poison Magic   | 5 6 7 8 9 10 11 12 13 | 13.4
Stealth        | 4 5 6 7 8 9 10 11 12 13 14 | 14.5
Dodging        | 2 3 4 5 6 7 8 |  8.5
Throwing       | 1 2 3 4 5 6 7 8 9 |  9.3
Short Blades   | 2 |  2.1
Armour         | 1 2 3 4 5 6 7 8 |  8.0
Invocations    | 2 3 4 5 7 8 9 10 11 | 11.3
Maces & Flails | 1 |  1.0
Polearms       | 2 3 4 5 6 7 8 9 10 | 10.0
Evocations     | 1 3 4 5 6 7 8 9 |  9.6
Translocations | 1 2 3 4 5 6 |  6.0
Hexes          | 2 3 4 5 |  5.9
Summonings     | 2 3 |  3.6
Earth Magic    | 2 3 |  3.1

Action                   |  1- 3 |  4- 6 |  7- 9 | 10-12 | 13-15 | 16-18 | 19-21 || total
-------------------------+-------+-------+-------+-------+-------+-------+-------++-------
Melee: Dagger            |     3 |    16 |   166 |       |       |       |       ||   185
       Mace              |    18 |    53 |       |       |       |       |       ||    71
       Spear             |       |       |    57 |   365 |   661 |    79 |       ||  1162
       Whip              |       |       |    16 |       |       |       |       ||    16
       Tailslap          |       |       |    10 |   100 |   189 |   133 |    40 ||   472
       Constrict         |       |       |       |       |   135 |    94 |    30 ||   259
       Glaive            |       |       |       |       |    49 |   480 |   168 ||   697
       Staff             |       |       |       |       |     3 |       |       ||     3
Throw: Dart              |       |     4 |    25 |    48 |    15 |     7 |       ||    99
       Boomerang         |       |       |     7 |    32 |    62 |   167 |    52 ||   320
       Javelin           |       |       |    34 |    73 |   218 |   103 |     7 ||   435
       Throwing net      |       |       |       |     2 |     5 |     1 |       ||     8
 Cast: Sting             |    19 |    21 |    33 |     2 |       |       |       ||    75
       Poisonous Vapours |    26 |    34 |    10 |    24 |    49 |    30 |       ||   173
       Mephitic Cloud    |       |     2 |    15 |    24 |    42 |    35 |    22 ||   140
       Olgreb's Toxic Ra |       |     5 |    28 |    22 |    82 |    73 |    32 ||   242
       Venom Bolt        |       |       |       |    24 |    51 |    23 |    14 ||   112
       Summon Butterflie |       |       |       |       |    23 |     8 |     3 ||    34
       Lightning Bolt    |       |       |       |       |    26 |     9 |    10 ||    45
       Tukima's Dance    |       |       |       |       |     6 |     2 |     2 ||    10
       Airstrike         |       |       |       |       |       |   160 |    11 ||   171
       Lesser Beckoning  |       |       |       |       |       |     6 |       ||     6
       Leda's Liquefacti |       |       |       |       |       |     2 |     2 ||     4
       Blink             |       |       |       |       |       |     4 |     8 ||    12
Invok: Bend Time         |       |       |     3 |     2 |     2 |     1 |       ||     8
       Slouch            |       |       |     1 |     6 |    10 |    16 |     8 ||    41
       Step From Time    |       |       |       |       |     1 |       |       ||     1
 Abil: Spit Poison       |     8 |    13 |     7 |     1 |     1 |     3 |       ||    33
Evoke: Wand              |       |       |     2 |    13 |    12 |    67 |     9 ||   103
       Phantom mirror    |       |       |       |     1 |     1 |     1 |       ||     3
       Box of beasts     |       |       |       |       |     2 |       |       ||     2
       Fan of gales      |       |       |       |       |       |     3 |     1 ||     4
       Crystal ball of e |       |       |       |       |       |     2 |       ||     2
       Lamp of fire      |       |       |       |       |       |     1 |     1 ||     2
       Lightning rod     |       |       |       |       |       |     1 |       ||     1
  Use: Scroll            |     3 |     4 |     5 |    14 |    23 |    20 |     8 ||    77
       Potion            |       |     2 |     4 |     2 |    11 |    13 |     5 ||    37
 Stab: Sleeping          |       |     2 |     2 |     9 |     8 |     7 |     2 ||    30
       Confused          |       |       |     6 |    20 |    33 |    23 |     9 ||    91
       Distracted        |       |       |     1 |       |     6 |     1 |     1 ||     9
       Paralysed         |       |       |       |     8 |    21 |    12 |       ||    41
       Invisible         |       |       |       |     2 |     4 |       |     1 ||     7
       Petrified         |       |       |       |       |     4 |       |       ||     4
       Held in net/web   |       |       |       |       |     2 |     1 |       ||     3
       Petrifying        |       |       |       |       |     1 |       |       ||     1
       Fleeing           |       |       |       |       |       |       |     1 ||     1
  Eat: Chunk             |     4 |       |       |     1 |       |       |       ||     5
       Ration            |       |     4 |     4 |     5 |    13 |    10 |     2 ||    38
Armor: Robe              |     8 |    36 |   106 |    50 |       |       |       ||   200
       Fire dragon scale |       |       |       |    71 |   239 |   431 |    70 ||   811
Dodge: Dodged            |    23 |    50 |   158 |   178 |   395 |   539 |    97 ||  1440
